 Dungeon Crawl Stone Soup version 0.30-a0-643-g638baaf3f0 (webtiles) character file.

Game seed: 1186667364803993939

1673 Nixze the Magician (level 8, 0/46 HPs)
             Began as a Deep Elf Conjurer on Jan 16, 2023.
             Was an Initiate of Vehumet.
             Slain by a hornet (13 damage)
             ... while paralysed by a hornet
             ... on level 7 of the Dungeon.
             The game lasted 00:24:56 (8266 turns).

Nixze the Magician (Deep Elf Conjurer)              Turns: 8266, Time: 00:24:57

Health: 0/46       AC:  4    Str: 10    XL:     8   Next: 70%
Magic:  16/19      EV:  2    Int: 26    God:    Vehumet [......]
Gold:   308        SH:  0    Dex: 13    Spells: 8/20 levels left

rFire   . . .      SeeInvis .    o - +2 dagger (drain)
rCold   . . .      Faith    .    s - +1 buckler
rNeg    . . .      Spirit   .    i - +0 leather armour
rPois   .          Reflect  .    (no helmet)
rElec   .          Harm     .    (no cloak)
rCorr   .          Rampage  .    m - +0 pair of gloves
Will    .....                    (no boots)
Stlth   ++                       (no amulet)
HPRegen 0.27/turn                A - +6 ring of strength
MPRegen 0.16/turn                (no ring)

@: paralysed, lethally poisoned (0 -> -6)
A: no striking features
a: Renounce Religion


You were on level 7 of the Dungeon.
You worshipped Vehumet.
Vehumet was noncommittal.
You visited 1 branch of the dungeon, and saw 7 of its levels.
You also visited: Sewer.

You collected 308 gold pieces.

Inventory:

Hand Weapons
 a - a +0 dagger of flaming
 b - a +0 sling
 o - a +2 dagger of draining (weapon)
 I - a +0 rapier
Missiles
 c - an atropa-tipped dart (quivered)
 h - 75 stones
Armour
 i - a +0 leather armour (worn)
 m - a +0 pair of gloves (worn)
 s - a +1 buckler (worn)
Magical Staves
 l - a staff of air
Jewellery
 A - a +6 ring of strength (left hand)
Wands
 C - a wand of polymorph (3)
 H - a wand of light (11)
 J - a wand of flame (11)
Scrolls
 f - a scroll of vulnerability
 g - 6 scrolls of identify
 n - 2 scrolls of blinking {unknown}
 p - a scroll of amnesia
 r - a scroll of fear {unknown}
 w - 3 scrolls of fog {unknown}
 x - a scroll of enchant armour
 y - a scroll of poison {unknown}
 B - a scroll of noise {unknown}
 D - a scroll of brand weapon {unknown}
 F - 2 scrolls of teleportation
 G - a scroll of immolation {unknown}
Potions
 d - 2 potions of berserk rage {unknown}
 e - 2 potions of magic
 j - 3 potions of curing {unknown}
 k - 7 potions of lignification {unknown}
 q - 2 potions of haste {unknown}
 t - a potion of might {unknown}
 u - 2 potions of attraction {unknown}
 v - 2 potions of ambrosia {unknown}
 z - 3 potions of heal wounds {unknown}
 E - a potion of invisibility {unknown}


   Skills:
 + Level 3.4 Fighting
 + Level 1.3 Armour
 + Level 3.8 Dodging
 + Level 4.7 Stealth
 - Level 3.0 Shields
 + Level 6.6 Spellcasting
 + Level 5.4 Conjurations
 - Level 5.0 Hexes
 - Level 5.0 Transmutations


You had 8 spell levels left.
You knew the following spells:

 Your Spells              Type           Power      Damage    Failure   Level
a - Magic Dart            Conj           100%       1d8       1%          1
b - Searing Ray           Conj           72%        2d7       1%          2
c - Fulminant Prism       Conj/Hex       17%        3d10      14%         4
d - Irradiate             Conj/Tmut      17%        3d17      36%         5

Your spell library contained the following spells:

 Spells                   Type           Power      Damage    Failure   Level
 Slow                     Hex            100%       N/A       1%          1
 Confusing Touch          Hex            34%        N/A       4%          3
 Dazzling Flash           Conj/Hex       70%        N/A       4%          3
 Sublimation of Blood     Necr           8%         N/A       19%         2
 Frozen Ramparts          Ice            16%        1d3       34%         3
 Vampiric Draining        Necr           8%         2d6       34%         3
 Iskenderun's Mystic Bla  Conj/Tloc      22%        2d6       36%         4
 Ice Form                 Ice/Tmut       21%        N/A       38%         4
 Petrify                  Tmut/Erth      21%        N/A       38%         4
 Summon Ice Beast         Ice/Summ       8%         N/A       75%         4


Dungeon Overview and Level Annotations

Branches:
Dungeon (7/15)             Temple (0/1) D:5           Sewer (visited)

Altars:
Cheibriados
Elyvilon
Fedhas
Hepliaklqana
Nemelex Xobeh
Ru
Trog
Uskayaw
Vehumet
Wu Jian
Xom
The Shining One

Shops:
D:1 (   D:2 (   D:3 [=*(?   D:6 =

Annotations:
D:3 1 runed translucent door, Crazy Yiuf


Message History

Aim: a jelly (almost dead, 100% to hit)
The magic dart hits the jelly.
You kill the jelly!
Vehumet accepts your kill.
J - a wand of flame (11)
g - 6 scrolls of identify (gained 1)
h - 75 stones (gained 7)
You open the door.
There is an open door here.
You open the door.
There is an open door here.
A hornet comes into view.
The hornet moves out of view.
Throw: 2 darts (atropa)
Press: ? - help, Q - select action, (/) - cycle Shift-Dir - straight line, f - hornet
Aim: a hornet (42% to hit, chance to blind on hit: 44%)
You throw an atropa-tipped dart.
The atropa-tipped dart closely misses the hornet.
You block the hornet's attack. The hornet stings you!
You feel yourself slow down.
Casting: Magic Dart (safe; 1% risk of failure)
Confirm with . or Enter, or press ? or * to list all spells.
Aiming: Searing Ray (safe; 1% risk of failure)
Press: ? - help, Shift-Dir - straight line, f/p - hornet
Aim: a hornet (71% to hit)
The searing ray hits the hornet!
The hornet is moderately wounded. (Press . to maintain the ray.)
You feel yourself speed up. The hornet closely misses you.
The hornet stings you!
You are poisoned.
You feel yourself slow down.
The searing ray hits the hornet.
The hornet is moderately wounded.
You feel very sick.
The hornet stings you but does no damage.
The hornet stings you!
You suddenly lose the ability to move!
You feel yourself speed up.
You feel sick. The hornet stings you!
You die...

#.........+......
####'#########......
#..........# ......
#..........# ...
#..........#
#..........#
####'####### #.# #@#
#y# #.......#
#.......# #.........
#.......## #.......#
#.........
#.........


You could see a hornet.

Vanquished Creatures
  Edmund (D:6)
  An orc warrior (D:5)
  An ogre (D:5)
  4 phantoms
  2 bullfrogs (D:7)
  A necrophage (D:5)
  2 scorpions
  A howler monkey (D:5)
  3 jellies
  A gnoll bouda (D:6)
  An orc priest (D:1)
  6 hounds
  Ijyb (D:3)
  Jessica (D:2)
  2 iguanas (D:5)
  Natasha (thrice) (D:4)
  4 gnolls (D:6)
  6 adders
  2 river rats (Sewer)
  A shadow imp (D:6)
  An ufetubus (D:6)
  A worm (D:2)
  3 dart slugs
  4 orcs
  7 bats
  7 endoplasms
  8 giant cockroaches
  7 goblins
  8 hobgoblins
  A jackal (D:2)
  10 ball pythons
  10 frilled lizards
  10 kobolds
  15 rats
136 creatures vanquished.

Vanquished Creatures (others)
  2 fulminant prisms (D:6)
  A fungus (D:3)
3 creatures vanquished.

Grand Total: 139 creatures vanquished

Notes
Turn   | Place    | Note
-------+----------+-------------------------------------------
     0 | D:1      | Nixze the Deep Elf Conjurer began the quest for the Orb.
     0 | D:1      | Reached XP level 1. HP: 10/10 MP: 6/6
   194 | D:1      | Reached skill level 1 in Fighting
   195 | D:1      | Reached XP level 2. HP: 16/16 MP: 4/8
   319 | D:1      | Learned a level 2 spell: Searing Ray
   322 | D:1      | Found Nebid's Antique Weapon Boutique.
  1062 | D:1      | Found a faded altar of an unknown god.
  1238 | D:2      | Reached XP level 3. HP: 21/21 MP: 7/9
  1279 | D:2      | Found a snail-covered altar of Cheibriados.
  1511 | D:1      | Reached XP level 4. HP: 6/27 MP: 0/10
  1954 | D:2      | Noticed Jessica
  1957 | D:2      | Killed Jessica
  1981 | D:2      | Found Ismizize's Antique Weapon Emporium.
  2512 | D:3      | Found Kyul's General Store.
  2533 | D:3      | Found a bloodstained altar of Trog.
  2540 | D:3      | Noticed Ijyb
  2560 | D:3      | Found Qaggifaf's Magic Scroll Emporium.
  2607 | D:3      | Reached XP level 5. HP: 27/32 MP: 5/11
  2677 | D:3      | Found a glowing drain.
  2694 | Sewer    | Entered a sewer
  2776 | Sewer    | Learned a level 4 spell: Fulminant Prism
  3274 | D:3      | Reached skill level 1 in Shields
  3315 | D:3      | Found Nifaicos's Antique Armour Shop.
  3369 | D:3      | Found a blossoming altar of Fedhas.
  3373 | D:3      | Found Viaduiti's Jewellery Emporium.
  3682 | D:3      | Killed Ijyb
  3721 | D:3      | Found Urrips's Weapon Boutique.
  3814 | D:3      | Found a shimmering altar of Xom.
  3862 | D:3      | Found a runed translucent door.
  3863 | D:3      | Noticed Crazy Yiuf
  4308 | D:4      | Noticed a phantom
  4518 | D:4      | Killed a phantom
  4519 | D:4      | Reached skill level 4 in Spellcasting
  4519 | D:4      | Reached skill level 5 in Conjurations
  4519 | D:4      | Reached XP level 6. HP: 26/37 MP: 2/14
  4925 | D:4      | Found a glowing golden altar of the Shining One.
  4943 | D:4      | Found a hazy altar of Hepliaklqana.
  4969 | D:4      | Noticed Natasha
  4974 | D:4      | Killed Natasha
  5021 | D:4      | Learned a level 5 spell: Irradiate
  5072 | D:4      | Found a sparkling altar of Nemelex Xobeh.
  5205 | D:4      | Noticed Natasha
  5212 | D:4      | Killed Natasha
  5291 | D:4      | Found a radiant altar of Vehumet.
  5308 | D:4      | Noticed Natasha
  5329 | D:4      | Killed Natasha
  5467 | D:4      | Became a worshipper of Vehumet
  5475 | D:5      | Entered Level 5 of the Dungeon
  5548 | D:5      | Reached skill level 1 in Hexes
  5548 | D:5      | Reached skill level 1 in Transmutations
  5548 | D:5      | Reached XP level 7. HP: 37/41 MP: 8/15
  5809 | D:5      | Reached skill level 5 in Spellcasting
  5946 | D:5      | Found a staircase to the Ecumenical Temple.
  6199 | D:4      | Reached skill level 6 in Spellcasting
  6326 | D:5      | Found a sacrificial altar of Ru.
  6344 | D:5      | Found an ornate altar of the Wu Jian Council.
  6359 | D:5      | Reached XP level 8. HP: 46/46 MP: 9/19
  6421 | D:5      | Found a hide-covered altar of Uskayaw.
  6879 | D:5      | Reached skill level 5 in Hexes
  6935 | D:6      | Noticed Edmund
  6945 | D:6      | Killed Edmund
  6946 | D:6      | Reached skill level 5 in Transmutations
  7083 | D:6      | Found Effor's Jewellery Shoppe.
  7716 | D:6      | Found a snail-covered altar of Cheibriados.
  7884 | D:6      | Found a white marble altar of Elyvilon.
  8130 | D:7      | Reached skill level 1 in Armour
  8260 | D:7      | Noticed a hornet
  8265 | D:7      | Paralysed by a hornet for 2 turns
  8266 | D:7      | Slain by a hornet

Illustrated notes

Levels and vault maps discovered:
D:1:      eino_arrival_water_star, layout_basic, serial_shops,
          nicolae_shop_behind_doors, shapermc_ecumenical_altar_mp_vishouse
D:2:      minmay_skewed_foursquare, layout_basic, basic_altar, serial_shops,
          nicolae_shop_advertising_works [nicolae_subvault_shop_adworks],
          uniq_jessica
D:3:      layout_loops_ring, mainiacjoe_overflow_boulevard, lemuel_doored_altar,
          mainiacjoe_overflow_alcove_2, gup_sewer_entry_glass, serial_shops,
          shop, shop, nicolae_shop_stone, nicolae_shop_hallway_stairs, shop,
          uniq_ijyb, uniq_crazy_yiuf_cottage
D:4:      layout_rooms, kennysheep_mini, nicolae_overflow_crystal_walls,
          mainiacjoe_overflow_big_doors, kennysheep_nub, uniq_natasha
D:5:      layout_basic, lemuel_round_altar, mainiacjoe_overflow_large_starburst,
          minmay_temple_entry_offerings
D:6:      layout_basic, mainiacjoe_overflow_tiny_flanked, elyvilon_altar_5,
          serial_shops, shop, serial_bayou_pond_e, uniq_edmund
D:7:      layout_basic

Skill      XL: |  1  2  3  4  5  6  7  8 |
---------------+-------------------------+-----
Fighting       | 1 2 3 |  3.4
Stealth        | 3 4 |  4.7
Dodging        | 3 |  3.8
Shields        | 2 3 |  3.0
Spellcasting   | 4 6 |  6.6
Conjurations   | 5 |  5.4
Hexes          | 1 4 5 |  5.0
Transmutations | 1 3 5 |  5.0
Armour         | 1 |  1.3

Action                   |  1- 3 |  4- 6 |  7- 9 || total
-------------------------+-------+-------+-------++-------
Melee: Dagger            |    21 |     3 |       ||    24
       Unarmed           |       |    26 |       ||    26
Throw: Stone             |     4 |       |       ||     4
       Dart              |       |     2 |     3 ||     5
 Cast: Magic Dart        |    59 |   123 |    83 ||   265
       Searing Ray       |     2 |    11 |    18 ||    31
       Fulminant Prism   |       |       |     2 ||     2
  Use: Scroll            |       |     4 |       ||     4
 Stab: Sleeping          |       |     1 |       ||     1
Armor: Leather armour    |     4 |     5 |     5 ||    14
       Skin              |       |     1 |       ||     1
Dodge: Dodged            |    21 |    35 |    33 ||    89
Block: Buckler           |       |     5 |    14 ||    19

Table legend: (Time is in decaauts)
 A = Elapsed time spent in this place.
 B = Non-inter-level travel time spent in this place.
 C = Inter-level travel time spent in this place.
 D = Time resting spent in this place.
 E = Time spent auto-exploring this place.
 F = Levels seen in this place.
 G = Mean time per level.
                   A        B        C        D        E       F      G
               +--------+--------+--------+--------+--------+-----+--------+
         Total |   8294 |   8026 |    268 |   1801 |   5028 |   8 | 1036.8 |
       Dungeon |   7685 |   7417 |    268 |   1616 |   4772 |   7 | 1097.9 |
         Sewer |    609 |    609 |      0 |    185 |    256 |   1 |  609.0 |
               +--------+--------+--------+--------+--------+-----+--------+

Top non-repeatable levels by time:
     D:3: 1292 daAuts
     D:2: 1283 daAuts
     D:4: 1279 daAuts
     D:5: 1276 daAuts
     D:1: 1222 daAuts
     D:6: 1187 daAuts
   Sewer: 609 daAuts
     D:7: 143 daAuts
